 Dungeon Crawl Stone Soup version 0.32-a0-818-gb728d0252e (webtiles) character file.

Game seed: 9393521298169106232

132 smashvw the Trooper (level 5, -4/28 HPs)
             Began as a Vine Stalker Fighter on Mar 24, 2024.
             Was a Follower of Ru.
             Slain by a water moccasin (6 damage)
             ... on level 4 of the Dungeon.
             The game lasted 00:04:40 (2078 turns).

smashvw the Trooper (Vine Stalker Fighter)          Turns: 2078, Time: 00:04:41

Health: -4/28      AC: 11    Str: 19    XL:     5   Next: 15%
Magic:  0/6        EV:  0    Int:  8    God:    Ru [*.....]
Gold:   114        SH:  5    Dex: 15    Spells: 4/4 levels left

rFire   . . .        q - +1 dagger (speed)
rCold   . . .        c - +0 buckler
rNeg    . . .        n - +0 plate armour
rPois   .            (no helmet)
rElec   .            (no cloak)
rCorr   .            (no gloves)
SInv    .            (no boots)
Will    .....        (no amulet) Stlth
                     (no ring)
HPRegen 1.04/turn    (no ring)
MPRegen 0.10/turn

%: guardian spirit
@: lethally poisoned (-4 -> -14)
A: fangs 2, regeneration 1, magic shield, antimagic bite, no potion heal 2,
reduced EV 1
a: Renounce Religion


You were on level 4 of the Dungeon.
You worshipped Ru.
Ru was aware of your devotion.
You visited 1 branch of the dungeon, and saw 4 of its levels.

You collected 114 gold pieces.

Inventory:

Hand Weapons
 a - a +0 rapier
 q - a +1 dagger of speed (weapon)
Missiles
 r - a throwing net
Armour
 b - a +0 scale mail
 c - a +0 buckler (worn)
 n - a +0 plate armour (worn)
Talismans
 h - a maw talisman
Wands
 d - a wand of polymorph (4) (quivered)
Scrolls
 e - a scroll of brand weapon {unknown}
 g - 5 scrolls of identify {unknown}
 j - a scroll of blinking {unknown}
 k - a scroll of fog {unknown}
 m - a scroll of enchant armour {unknown}
 o - a scroll of teleportation {unknown}
 p - a scroll of enchant weapon {unknown}
 s - a scroll of torment {unknown}
Potions
 f - 3 potions of haste {unknown}
 i - 2 potions of brilliance {unknown}
 l - a potion of enlightenment {unknown}


   Skills:
 + Level 3.3 Fighting
 * Level 3.3 Short Blades
 - Level 2.8 Armour
 + Level 3.3 Shields


You had 4 spell levels left.
You didn't know any spells.
Your spell library was empty.

Dungeon Overview and Level Annotations

Branches:
Dungeon (4/15)
 Temple: D:4-7

Altars:
Hepliaklqana
Kikubaaqudgha
Ru


Innate Abilities, Weirdness & Mutations

You have extremely sharp teeth.
Your natural rate of healing is unusually fast.
When hurt, damage is shared between your health and your magic reserves.
Your bite disrupts and absorbs the magic of your enemies.
Potions cannot restore your health.
You have somewhat slow reflexes. (EV -5)


Message History

You hit the water moccasin.
The water moccasin is moderately wounded.
The water moccasin bites you.
You hit the water moccasin.
The water moccasin is moderately wounded.
The water moccasin bites you.
You closely miss the water moccasin.
The water moccasin is moderately wounded.
You block the water moccasin's attack.
You hit the water moccasin.
The water moccasin is heavily wounded.
The water moccasin bites you but does no damage.
You hit the water moccasin but do no damage.
The water moccasin is heavily wounded.
You barely miss the water moccasin. Your bite misses the water moccasin.
The water moccasin is heavily wounded.
The water moccasin bites you!
You are poisoned.
The water moccasin poisons you!
You closely miss the water moccasin. Your bite misses the water moccasin.
The water moccasin is heavily wounded.
You feel very sick. The water moccasin bites you.
You closely miss the water moccasin.
The water moccasin is heavily wounded.
You feel very sick. You block the water moccasin's attack.
You hit the water moccasin.
The water moccasin is heavily wounded.
You feel sick. The water moccasin bites you.
* * * LOW HITPOINT WARNING * * *
You are lethally poisoned!
The water moccasin poisons you!
You hit the water moccasin. Your bite misses the water moccasin.
The water moccasin is heavily wounded.
* * * LOW HITPOINT WARNING * * *
You feel very sick. The water moccasin bites you!
You die...
Ru respects your ultimate sacrifice.

#..#
#..#
#.%#
##..#
#...#
#.#.#
#.#.#
#.#.#
#@#.#
#S#.##
#)#..#
#.##.#
#.##.#
#.##.#
#.##.##
#=##..#
##.#


You could see a water moccasin.

Vanquished Creatures
  2 adders
  4 gnolls (D:4)
  2 dart slugs
  2 ribbon worms (D:2)
  8 orcs (D:4)
  5 bats
  3 endoplasms
  4 giant cockroaches
  4 goblins
  5 hobgoblins
  2 jackals (D:1)
  2 quokkas (D:3)
  3 ball pythons
  5 frilled lizards
  5 kobolds
  2 rats (D:1)
58 creatures vanquished.

Vanquished Creatures (others)
  A kobold (D:2)
1 creature vanquished.

Grand Total: 59 creatures vanquished

Notes
Turn   | Place    | Note
-------+----------+-------------------------------------------
     0 | D:1      | smashvw the Vine Stalker Fighter began the quest for the
                  | Orb.
     0 | D:1      | Reached XP level 1. HP: 11/11 MP: 2/2
   277 | D:1      | Found a faded altar of an unknown god.
   306 | D:1      | Reached XP level 2. HP: 16/16 MP: 1/3
   323 | D:1      | Prayed at the altar of an unknown god.
   323 | D:1      | Became a worshipper of Ru the Awakened
   340 | D:1      | Gained mutation: You have somewhat slow reflexes. (EV -5)
                  | [Ru sacrifice]
   340 | D:1      | Reached * piety under Ru
   883 | D:2      | Reached XP level 3. HP: 17/19 MP: 4/4
  1326 | D:2      | Reached XP level 4. HP: 24/24 MP: 5/5
  1327 | D:2      | Found a hazy altar of Hepliaklqana.
  1562 | D:3      | Found an ancient bone altar of Kikubaaqudgha.
  1562 | D:3      | Found a hazy altar of Hepliaklqana.
  2001 | D:4      | Reached XP level 5. HP: 8/28 MP: 3/6
  2062 | D:4      | Noticed an ogre
  2066 | D:4      | an ogre changed into a water moccasin
  2066 | D:4      | Noticed a water moccasin
  2078 | D:4      | Slain by a water moccasin

Illustrated notes

Levels and vault maps discovered:
D:1:      dpeg_chamrin_arrival_tetris, layout_loops_ring,
          hellmonk_ecumenical_altar_pennies_from_heaven, nrook_uturn
D:2:      layout_loops_cross, basic_altar
D:3:      layout_rooms, gammafunk_temple_overflow_elements
D:4:      black_bear_nest_2, layout_rooms

Skill      XL: |  1  2  3  4 |
---------------+-------------+-----
Short Blades   | 2 3 |  3.3
Fighting       | 3 |  3.3
Shields        | 3 |  3.3
Armour         | |  2.8

Action                     |  1- 3 |  4- 6 || total
---------------------------+-------+-------++-------
  Melee: Rapier            |   102 |     4 ||   106
         Bite              |    32 |    17 ||    49
         Dagger            |       |    79 ||    79
 Invoke: Sacrifice Health  |     1 |       ||     1
  Evoke: Wand              |       |     3 ||     3
    Use: Potion            |       |     1 ||     1
 Armour: Scale mail        |    29 |       ||    29
         Plate armour      |    72 |    59 ||   131
  Dodge: Dodged            |    10 |       ||    10
  Block: Buckler           |    16 |    13 ||    29

Table legend: (Time is in decaauts)
 A = Elapsed time spent in this place.
 B = Non-inter-level travel time spent in this place.
 C = Inter-level travel time spent in this place.
 D = Time resting spent in this place.
 E = Time spent auto-exploring this place.
 F = Levels seen in this place.
 G = Mean time per level.
                   A        B        C        D        E       F      G
               +--------+--------+--------+--------+--------+-----+--------+
         Total |   2062 |   2027 |     35 |      0 |   1648 |   4 |  515.5 |
       Dungeon |   2062 |   2027 |     35 |      0 |   1648 |   4 |  515.5 |
               +--------+--------+--------+--------+--------+-----+--------+

Top non-repeatable levels by time:
     D:1: 872 daAuts
     D:2: 655 daAuts
     D:3: 423 daAuts
     D:4: 111 daAuts
